 Dungeon Crawl Stone Soup version 0.28.0-53-g5a82cb258f (webtiles) character file.

Game seed: 18006815082277360675

3868 concernfroge the Thaumaturge (level 9, -2/45 HPs)
             Began as a Deep Elf Conjurer on June 18, 2022.
             Was an Initiate of Vehumet.
             Slain by an acid dragon (3 damage)
             ... on level 8 of the Dungeon.
             The game lasted 00:50:30 (10139 turns).

concernfroge the Thaumaturge (Deep Elf Conjurer)   Turns: 10139, Time: 00:50:31

Health: -2/45      AC:  0    Str:  4    XL:     9   Next: 99%
Magic:  0/24       EV: 15    Int: 28    God:    Vehumet [......]
Gold:   345        SH:  0    Dex: 13    Spells: 12/26 levels left

rFire   . . .      SeeInvis .   (no weapon)
rCold   . . .      Faith    .   p - orb {light}
rNeg    + . .      Spirit   +   e - +5 robe of the Cricket {rN+}
rPois   .          Reflect  .   (no helmet)
rElec   .          Harm     .   (no cloak)
rCorr   .          Rampage  .   j - +0 pair of gloves
Will    .....                   (no boots)
Stlth   ++........              l - amulet of guardian spirit
HPRegen 0.15/turn               h - ring of wizardry
MPRegen 0.19/turn               (no ring)

@: corroded, hasted and slowed, glowing, studying Shields
A: wild magic 1, MP-powered wands
a: Renounce Religion


You were on level 8 of the Dungeon.
You worshipped Vehumet.
Vehumet was noncommittal.
You visited 2 branches of the dungeon, and saw 9 of its levels.

You collected 410 gold pieces.
You spent 65 gold pieces at shops.

Inventory:

Armour
 e - the +5 robe of the Cricket (worn) {rN+}
   (You found it on level 2 of the Dungeon)

   rN:        It protects you from negative energy.
 j - a +0 pair of gloves (worn)
 p - an orb of light (worn)
Jewellery
 h - a ring of wizardry (left hand)
 l - an amulet of guardian spirit (around neck)
Wands
 g - a wand of iceblast (11)
 k - a wand of polymorph (7)
Scrolls
 a - 2 scrolls of fear
 b - a scroll of teleportation
 f - 3 scrolls of identify
 m - a scroll of enchant weapon
 o - 3 scrolls of fog
 q - a scroll of blinking
Potions
 c - a potion of haste
 i - a potion of brilliance
 n - a potion of heal wounds {unknown}


   Skills:
 + Level 8.1 Dodging
 + Level 8.9 Stealth
 + Level 9.0 Spellcasting
 + Level 8.4 Conjurations
 + Level 7.9 Hexes


You had 12 spell levels left.
You knew the following spells:

 Your Spells              Type           Power      Damage    Failure   Level
a - Magic Dart            Conj           100%       1d8       1%          1
b - Searing Ray           Conj           100%       2d8       1%          2
c - Dazzling Flash        Conj/Hex       100%       N/A       1%          3
d - Fulminant Prism       Conj/Hex       33%        3d16      1%          4
e - Iskenderun's Mystic   Conj/Tloc      47%        2d10      4%          4

Your spell library contained the following spells:

 Spells                   Type           Power      Damage    Failure   Level
 Mephitic Cloud           Conj/Pois/Air  36%        N/A       2%          3
 Call Imp                 Summ           16%        N/A       4%          2


Dungeon Overview and Level Annotations

Branches:
Dungeon (8/15)             Temple (1/1) D:7
   Lair: D:8-11

Altars:
Ashenzari
Cheibriados
Dithmenos
Fedhas
Gozag
Hepliaklqana
Kikubaaqudgha
Makhleb
Nemelex Xobeh
Okawaru
Qazlal
Ru
Sif Muna
Trog
Uskayaw
Vehumet
Wu Jian
Xom
Yredelemnul
Zin
The Shining One

Shops:
D:2 ?

Annotations:
D:5 3 runed translucent doors, GilGalad's ghost, novice OpCj


Innate Abilities, Weirdness & Mutations

Your spells are a little harder to cast, but a little more powerful.
You expend magic power (3 MP) to strengthen your wands.


Message History

A fulminant prism comes into view.
Erica points at you and mumbles some strange words.
You feel yourself slow down.
You are confused.
Your fulminant prism crackles loudly.
You hear a zap.
Something tries to affect you, but you resist.
The acid dragon spits acid at you. The splash of acid misses you.
Your fulminant prism explodes!
The blast of energy engulfs something!!
Vehumet accepts your kill.
Reactivating autopickup.
You feel a bit more experienced.
You hear a shout! x2; You hear a loud, deep croak!
You hear a croak.
Your Dodging skill increases to level 8!
Your Spellcasting skill increases to level 9!
You're too confused to cast spells.
Okay, then.
You're too confused to cast spells.
Okay, then.
You're too confused to cast spells.
The bullfrog completely misses you. x2
You're too confused to move!
The bullfrog hits you! The acid dragon closely misses you.
The acid dragon claws you. The bullfrog barely misses you.
The acid dragon completely misses you.
The acid dragon claws you but does no damage.
You are too confused!
You feel better. The bullfrog misses you. x2
The acid dragon spits acid at you. The splash of acid hits you!!
Ouch! That really hurt!
* * * LOW HITPOINT WARNING * * *
The acid corrodes you! The bullfrog misses you.
You hear an angry growl.
You feel yourself speed up. The bullfrog hits you!
* * * LOW HITPOINT WARNING * * *
The acid dragon misses you. The acid dragon claws you.
* * * LOW HITPOINT WARNING * * *
The bullfrog closely misses you. The acid dragon bites you.
You die...

# .P.P......# #
PP.P....P...# ## #
............# ..# #
...........# !... #
#.........# ..... # .
#.........#.....#
#.....#
#.........).....#
#.....#
#...D.....#.....#
......#######...@F....#
<...#
...........###+#.....##
##+#
...........#...#.....#
...........#...#.....#
...........#...'.....#
...............#.....#
......##############....
.###### #.... .# ....


You could see an acid dragon (catching breath) and a bullfrog.

Vanquished Creatures
  Erica (D:8)
  A vampire (D:8)
  A steam dragon (D:6)
  A water moccasin (D:8)
  2 necrophages
  2 black bears
  2 ice beasts (D:4)
  4 ogres
  2 centaurs
  4 bullfrogs
  7 scorpions
  2 killer bees
  6 wights
  5 howler monkeys
  An electric eel (D:7)
  A centaur zombie (D:7)
  2 orc priests
  A hound (D:7)
  A jelly (D:6)
  A gnoll shaman (D:7)
  3 centaur skeletons
  2 iguanas
  An orc wizard (D:7)
  2 killer bee zombies
  6 gnolls
  2 howler monkey skeletons (D:7)
  6 adders
  2 worms
  4 dart slugs
  19 orcs
  8 bats
  4 endoplasms
  5 giant cockroaches
  13 goblins
  12 hobgoblins
  6 jackals
  4 kobolds
  2 quokkas (D:1)
  7 ball pythons
  2 frilled lizards (D:3)
  2 goblin zombies (D:5)
  A quokka skeleton (D:4)
  7 rats
  2 butterflies (D:6)
169 creatures vanquished.

Vanquished Creatures (others)
  16 fulminant prisms
  39 fungi
  32 plants
87 creatures vanquished.

Grand Total: 256 creatures vanquished

Notes
Turn   | Place    | Note
-------+----------+-------------------------------------------
     0 | D:1      | concernfroge the Deep Elf Conjurer began the quest for the
                  | Orb.
     0 | D:1      | Reached XP level 1. HP: 10/10 MP: 6/6
   124 | D:1      | Reached XP level 2. HP: 15/15 MP: 5/8
   207 | D:1      | Learned a level 2 spell: Searing Ray
   471 | D:1      | Reached XP level 3. HP: 18/19 MP: 3/10
   475 | D:1      | Learned a level 3 spell: Dazzling Flash
   889 | D:1      | Found a faded altar of an unknown god.
  1054 | D:2      | Gained mutation: You are dopey. (Int -2) [potion of
                  | mutation]
  1054 | D:2      | Gained mutation: You have large cloven feet. [potion of
                  | mutation]
  1055 | D:2      | Lost mutation: You have large cloven feet. [potion of
                  | mutation]
  1055 | D:2      | Lost mutation: You are dopey. (Int -2) [potion of mutation]
  1055 | D:2      | Gained mutation: You expend magic power (3 MP) to
                  | strengthen your wands. [potion of mutation]
  1055 | D:2      | Gained mutation: Your spells are a little harder to cast,
                  | but a little more powerful. [potion of mutation]
  1075 | D:2      | Reached XP level 4. HP: 24/24 MP: 2/11
  1431 | D:2      | Reached skill level 4 in Spellcasting
  1460 | D:2      | Learned a level 4 spell: Fulminant Prism
  1513 | D:2      | Reached skill level 5 in Conjurations
  1608 | D:2      | Identified the +5 robe of the Cricket {rN+}
  1682 | D:2      | Found Vijuys Lelua's Magic Scroll Boutique.
  1691 | D:2      | Bought a scroll of fear for 35 gold pieces
  1691 | D:2      | Bought a scroll of teleportation for 30 gold pieces
  2409 | D:3      | Reached skill level 1 in Hexes
  2527 | D:3      | Reached XP level 5. HP: 21/28 MP: 1/13
  2947 | D:4      | Noticed a necrophage
  2953 | D:4      | Killed a necrophage
  3161 | D:4      | Noticed a black bear
  3172 | D:4      | Killed a black bear
  3173 | D:4      | Reached XP level 6. HP: 32/32 MP: 7/15
  3402 | D:4      | Noticed an ice beast
  3409 | D:4      | Killed an ice beast
  3410 | D:4      | Reached skill level 5 in Spellcasting
  3564 | D:4      | Noticed an ice beast
  3585 | D:4      | Killed an ice beast
  3586 | D:4      | Reached skill level 5 in Stealth
  3586 | D:4      | Reached XP level 7. HP: 21/36 MP: 4/17
  3985 | D:5      | Entered Level 5 of the Dungeon
  4184 | D:5      | Learned a level 4 spell: Iskenderun's Mystic Blast
  4318 | D:5      | Reached skill level 5 in Dodging
  4884 | D:5      | Reached skill level 6 in Spellcasting
  4953 | D:5      | Found a runed translucent gate.
  4953 | D:5      | Found a runed translucent gate.
  4953 | D:5      | Found a runed translucent gate.
  4954 | D:5      | Noticed GilGalad's ghost (novice OpCj)
  5723 | D:6      | Reached XP level 8. HP: 41/41 MP: 5/19
  5744 | D:6      | Found a runed translucent door.
  5745 | D:6      | Found a runed translucent door.
  5860 | D:6      | Reached skill level 5 in Hexes
  6257 | D:6      | Reached skill level 7 in Spellcasting
  7299 | D:6      | Reached XP level 9. HP: 45/45 MP: 16/22
  7343 | D:6      | Identified the +3 leather armour "Fiuc" {rC+}
  7859 | D:7      | Reached skill level 8 in Spellcasting
  8021 | D:7      | Found a staircase to the Ecumenical Temple.
  8035 | Temple   | Entered the Ecumenical Temple
  8728 | Temple   | Became a worshipper of Vehumet
  9134 | D:7      | Identified the +0 chain mail "Duneygixt" {rElec MP+9 Str+4
                  | Stlth-}
 10126 | D:8      | Noticed Erica
 10135 | D:8      | Killed Erica
 10136 | D:8      | Reached skill level 9 in Spellcasting
 10139 | D:8      | HP: 1/45 [acid dragon (4)]
 10139 | D:8      | Slain by an acid dragon

Illustrated notes

Levels and vault maps discovered:
D:1:      dpeg_arrival_stonehenge_12_columns, layout_rooms,
          basic_ecumenical_altar
D:2:      layout_loops_ring, serial_shops, shop_statue
D:3:      layout_basic
D:4:      layout_cave_pools, minmay_misc_feat_diagonals, minmay_manual_mullet
D:5:      layout_basic, enter_ossuary_4, gammafunk_ghost_nasty_kobolds,
          chequers_arboretum, kennysheep_path_1
D:6:      lemuel_insect_pit, layout_loops_corners
D:7:      minmay_recursive_quarters, layout_loops_ring,
          minmay_temple_entry_mist, minivault_4
D:8:      layout_gridville, due_lair_maze_entry_diamond, minmay_orc_keep,
          uniq_erica
Temple:   mainiacjoe_temple_starburst

Skill      XL: |  1  2  3  4  5  6  7  8  9 |
---------------+----------------------------+-----
Stealth        | 3 4 5 6 7 8 |  8.9
Dodging        | 3 4 5 6 8 |  8.1
Spellcasting   | 4 5 6 7 9 |  9.0
Conjurations   | 5 6 7 8 |  8.4
Hexes          | 1 2 3 4 6 7 |  7.9

Action                   |  1- 3 |  4- 6 |  7- 9 || total
-------------------------+-------+-------+-------++-------
Melee: Unarmed           |       |       |     2 ||     2
 Cast: Magic Dart        |    62 |    80 |    98 ||   240
       Searing Ray       |     6 |    21 |    68 ||    95
       Fulminant Prism   |       |     1 |    15 ||    16
  Use: Potion            |     5 |     3 |     3 ||    11
       Scroll            |     3 |     5 |       ||     8
Armor: Robe              |     1 |       |    13 ||    14
Dodge: Dodged            |       |     3 |    48 ||    51
